 Dungeon Crawl Stone Soup version 0.29-a0-275-g389c0b56f3 (webtiles) character file.

Game seed: 11843392821686213060

86 spaghetti the Magician (level 4, -12/30 HPs)
             Began as a Demonspawn Conjurer on Mar 12, 2022.
             Engulfed by a cloud of flame (24 damage)
             ... on level 2 of the Dungeon.
             The game lasted 00:02:09 (2005 turns).

spaghetti the Magician (Demonspawn Conjurer)        Turns: 2005, Time: 00:02:09

Health: -12/30     AC:  2    Str:  7    XL:     4   Next: 27%
Magic:  10/10      EV: 12    Int: 21    God:
Gold:   104        SH:  0    Dex: 12    Spells: 10/11 levels left

rFire   . . .      SeeInvis .   a - +0 short sword (chaos) {short}
rCold   . . .      Faith    .   (no shield)
rNeg    . . .      Spirit   .   e - +0 robe
rPois   .          Reflect  .   (no helmet)
rElec   .          Harm     .   (no cloak)
rCorr   .          Rampage  .   (no gloves)
Will    .....                   (no boots)
Stlth   ++........              (no amulet)
HPRegen 0.10/turn               (no ring)
MPRegen 0.24/turn               (no ring)

@: no status effects
A: magic regeneration, demonic touch 1
a: no special abilities


You were on level 2 of the Dungeon.
You visited 1 branch of the dungeon, and saw 2 of its levels.

You collected 104 gold pieces.


Innate Abilities, Weirdness & Mutations

You regenerate magic rapidly.
Your touch may inflict minor irresistible damage on your foes.


   Skills:
 - Level 1.7 Dodging
 - Level 1.7 Stealth
 + Level 4.3 Spellcasting
 - Level 4.0 Conjurations


You had 10 spell levels left.
You knew the following spells:

 Your Spells              Type           Power      Damage    Failure   Level
a - Magic Dart            Conj           84%        1d7       2%          1

Your spell library contained the following spells:

 Spells                   Type           Power      Damage    Failure   Level
 Searing Ray              Conj           42%        2d6       3%          2
 Dazzling Flash           Conj/Hex       24%        N/A       16%         3
 Fulminant Prism          Conj/Hex       6%         3d7       45%         4
 Iskenderun's Mystic Bla  Conj/Tloc      12%        2d5       45%         4

Inventory:

Hand Weapons
 a - a +0 short sword of chaos (weapon) {short}
   (You took it off a kobold on level 1 of the Dungeon)
Missiles
 c - 3 javelins {throwing}
 f - 3 poisoned darts {throwing}
 j - 25 stones {throwing}
Armour
 e - a +0 robe (worn)
Jewellery
 b - an amulet of faith {!P}
   (You found it on level 2 of the Dungeon)

Dungeon Overview and Level Annotations

Branches:
Dungeon (2/15)

Altars:

##............#......
#.###......#........
#.# ##.....###......
#.# ##..(## ##.....
#.# #°☼§# #..... #.#
#§☼°# #..... #.#
#§☼§# ######
#.#####...##
#..@§§..?...
#..§§§.$$..§
##.○☼☼..$$..
######...## .☼§# §§#
§# .#


There were no monsters in sight!


Message History

No target in view!
No target in view!
A jackal comes into view. 😎 MP[+1]
Your mp is fully restored (10).
A jackal is nearby!
A jackal is nearby!
The magic dart hits the jackal but does no damage.
The jackal barks! 😎 MP[-1]
You lost 1 mp, and now have 9/10 mp.
The magic dart hits the jackal. 😎 MP[-1]
You lost 1 mp, and now have 8/10 mp.
The magic dart hits the jackal. 😎 MP[-1]
You lost 1 mp, and now have 7/10 mp.
The magic dart hits the jackal.
You kill the jackal!
No target in view!
No target in view!
No target in view!
No target in view!
No target in view!
Key pressed, stopping explore.
Key pressed, stopping explore.
A goblin and a bat come into view. 😎 MP[+3]
Your mp is fully restored (10).
The magic dart hits the bat.
You kill the bat!
The goblin shouts!
A ball python comes into view. 😎 MP[-1]
You lost 1 mp, and now have 9/10 mp.
The magic dart hits the goblin.
You kill the goblin!
The magic dart hits the ball python!
You kill the ball python!
No target in view! 😎 MP[-2]
You lost 2 mp, and now have 7/10 mp.
No target in view!
No target in view!
A worm comes into view. 😎 MP[+1]
A worm is nearby!
The magic dart hits the worm. 😎 MP[-1]
You lost 1 mp, and now have 7/10 mp.
The magic dart hits the worm. 😎 MP[-1]
You lost 1 mp, and now have 6/10 mp.
The magic dart hits the worm.
The magic dart hits the worm. 😎 MP[-1]
You lost 1 mp, and now have 5/10 mp.
The magic dart hits the worm. 😎 MP[-1]
You lost 1 mp, and now have 4/10 mp.
The magic dart hits the worm. 😎 MP[-1]
You lost 1 mp, and now have 3/10 mp.
The magic dart hits the worm.
The magic dart hits the worm.
You kill the worm! 😎 MP[-1]
You lost 1 mp, and now have 2/10 mp.
No target in view!
No target in view!
No target in view!
No target in view!
No target in view!
No target in view!
You see here a worm corpse.
Things that are here:
a +0 club {mace}; a goblin corpse
There is a stone staircase leading down here.
Key pressed, stopping explore.
You're in a travel-excluded area, stopping explore. 😎 MP[+8]
Your mp is fully restored (10).
No target in view!
No target in view!
No target in view!
No target in view!
No target in view!
You're in a travel-excluded area, stopping explore.
You're in a travel-excluded area, stopping explore.
You're in a travel-excluded area, stopping explore.
You are engulfed in blazing flames.
Ouch! That really hurt!
* * * LOW HITPOINT WARNING * * *
😨 HP[-18]
You take 18 damage, and now have 12/30 hp.
MASSIVE DAMAGE!! (PAUSE)
You aren't carrying any potions.
You are engulfed in blazing flames.
Ouch! That really hurt!
You die...

Skill      XL: |  1  2  3 |
---------------+----------+-----
Spellcasting   | 3 4 |  4.3
Dodging        | |  1.7
Stealth        | |  1.7
Conjurations   | |  4.0

Action                   |  1- 3 |  4- 6 || total
-------------------------+-------+-------++-------
Melee: Unarmed           |    31 |       ||    31
       Touch             |     5 |       ||     5
       Short sword       |     3 |       ||     3
 Cast: Magic Dart        |    77 |    23 ||   100
  Use: Scroll            |     4 |       ||     4
       Potion            |     2 |       ||     2
Armor: Robe              |     9 |       ||     9
Dodge: Dodged            |    25 |       ||    25

Levels and vault maps discovered:
D:1:      minmay_arrival_four_circles, layout_basic,
          dreamdust_ecumenical_altar_grove
D:2:      layout_rooms, lemuel_flame_loot_1

Notes
Turn   | Place    | Note
-------+----------+-------------------------------------------
     0 | D:1      | spaghetti the Demonspawn Conjurer began the quest for the
                  | Orb.
     0 | D:1      | Reached XP level 1. HP: 13/13 MP: 3/3
     0 | D:1      | magus.rc [v1.9.6]
   428 | D:1      | Gained mutation: Your touch may inflict minor irresistible
                  | damage on your foes. [demonic ancestry]
   428 | D:1      | Reached XP level 2. HP: 19/19 MP: 3/5
   564 | D:1      | HP: 3/19 [hobgoblin (3)]
   700 | D:1      | Found a faded altar of an unknown god.
   753 | D:1      | Reached skill level 3 in Spellcasting
  1198 | D:2      | Reached XP level 3. HP: 24/24 MP: 4/7
  1617 | D:2      | Reached skill level 4 in Spellcasting
  1735 | D:2      | Gained mutation: You regenerate magic rapidly. [demonic
                  | ancestry]
  1735 | D:2      | Reached XP level 4. HP: 30/30 MP: 7/10
  2005 | D:2      | Engulfed by a cloud of flame

Vanquished Creatures
  4 adders (D:2)
  3 worms (D:2)
  A dart slug (D:2)
  5 endoplasms
  2 giant cockroaches
  4 goblins
  5 hobgoblins
  2 jackals (D:2)
  5 kobolds (D:1)
  5 ball pythons
  3 bats (D:2)
  A frilled lizard (D:1)
  3 rats
43 creatures vanquished.

Table legend:
 A = Non-vault XP
 B = Vault XP
 C = Vault XP percentage of total XP
 D = Non-vault monster count
 E = Vault monster count
 F = Vault count percentage of total count
                 A         B        C        D         E       F
            +---------+---------+-------+---------+---------+-------
      Total |     124 |       0 |   0.0 |      43 |       0 |   0.0
            +---------+---------+-------+---------+---------+-------
        D:1 |      35 |       0 |   0.0 |      22 |       0 |   0.0
        D:2 |      89 |       0 |   0.0 |      21 |       0 |   0.0
            +---------+---------+-------+---------+---------+-------

Illustrated notes

Table legend:
 A = Kills in this place as a percentage of kills in entire the game.
 B = Kills by you in this place as a percentage of kills by you in the entire game.
 C = Kills by friends in this place as a percentage of kills by friends in the entire game.
 D = Other kills in this place as a percentage of other kills in the entire game.
 E = Experience gained in this place as a percentage of experience gained in the entire game.
 F = Experience gained in this place divided by the number of levels of this place that you have seen.
                   A       B       C       D       E      F
               +-------+-------+-------+-------+-------+----------------------
         Total | 100.0 | 100.0 |   N/A |   N/A | 100.0 |  62.0
       Dungeon | 100.0 | 100.0 |   N/A |   N/A | 100.0 |  62.0
               +-------+-------+-------+-------+-------+----------------------

Table legend: (Time is in decaauts)
 A = Elapsed time spent in this place.
 B = Non-inter-level travel time spent in this place.
 C = Inter-level travel time spent in this place.
 D = Time resting spent in this place.
 E = Time spent auto-exploring this place.
 F = Levels seen in this place.
 G = Mean time per level.
                   A        B        C        D        E       F      G
               +--------+--------+--------+--------+--------+-----+--------+
         Total |   2004 |   1974 |     30 |     36 |   1712 |   2 | 1002.0 |
       Dungeon |   2004 |   1974 |     30 |     36 |   1712 |   2 | 1002.0 |
               +--------+--------+--------+--------+--------+-----+--------+

Top non-repeatable levels by time:
     D:1: 1162 daAuts
     D:2: 842 daAuts
